Map: Turbo Cruise '84 LE

Players

HeroMarine - Winner!

  • Race: Terran Terran
  • League: Grandmaster
  • Spawn Location: 7:00

LiquidTaeJa (TaeJa)

  • Race: Terran Terran
  • League: Diamond
  • Spawn Location: 3:00

Event: 2019 Assembly Summer

VOD

Have the link to the VOD?

Description

Time

  • Played on: Aug. 1, 2019, 11:40 a.m.
  • Length: 7:11

All games in this series

Show
View Real Time Build Order
Export as new Build Order

HeroMarine Terran - Winner!

Build Orders:  

Get SALT Encoding   

  12  0:00  SCV  
  13  0:12  SCV  
  14  0:17  Supply Depot  
  14  0:24  SCV  
  15  0:29  Refinery  
  15  0:39  SCV  
  16  0:45  Barracks  
  16  0:51  SCV  
  16  0:56  Refinery  
  17  1:03  SCV  
  18  1:15  SCV  
  19  1:31  Orbital Command  
  19  1:33  Factory  
  19  1:35  Reaper  
  20  1:43  Supply Depot  
  20  1:57  SCV  
  21  2:07  Reaper  
  22  2:09  SCV  
  23  2:18  Hellion  
  23  2:21  SCV  
  26  2:27  Command Center  
  26  2:33  SCV  
  27  2:39  Widow Mine  
  27  2:40  Barracks Reactor  
  29  2:45  Starport  
  29  2:48  SCV  
  30  2:55  Supply Depot  
  30  3:00  SCV  
  30  3:02  Factory Tech Lab  
  31  3:16  SCV  
  31  3:17  Marine x2  
  34  3:27  Raven  
  34  3:28  SCV  
  34  3:29  Refinery, Factory Tech Lab  
  37  3:34  Marine  
  37  3:35  Marine  
  37  3:40  SCV  
  38  3:49  Orbital Command  
  38  3:52  Marine x2  
  38  3:53  SCV  
  38  4:00  Cyclone  
  39  4:05  SCV  
  40  4:10  Marine x2  
  40  4:16  SCV  
  43  4:17  SCV  
  43  4:19  Raven  
  46  4:28  Supply Depot, Marine, SCV  
  46  4:29  SCV  
  46  4:30  Marine  
  50  4:40  SCV  
  50  4:41  SCV  
  52  4:48  Marine x2  
  52  4:52  SCV  
  55  4:53  Siege Tank, SCV  
  55  4:57  Supply Depot  
  59  5:04  Raven, SCV  
  62  5:18  Marine x2, SCV x2  
  66  5:25  Command Center  
  66  5:28  Siege Tank  
  66  5:31  SCV  
  66  5:32  Supply Depot  
  66  5:34  SCV  
  71  5:37  Marine x2  
  73  5:43  SCV  
  73  5:46  SCV  
  73  5:55  SCV  
  75  5:58  SCV  
  74  6:05  Viking x2  
  74  6:07  SCV  
  74  6:08  Refinery  
  74  6:10  SCV  
  80  6:11  Siege Tank  
  80  6:13  Marine  
  84  6:19  SCV  
  84  6:22  SCV  
  86  6:36  SCV x2  
  86  6:37  Marine, Viking  
  86  6:39  SCV  
  86  6:48  SCV x2  
  86  6:51  SCV  
Show
View Real Time Build Order
Export as new Build Order

LiquidTaeJa Terran 

Build Orders:  

Get SALT Encoding   

  12  0:00  SCV  
  13  0:12  SCV  
  14  0:17  Supply Depot  
  14  0:24  SCV  
  15  0:29  Refinery  
  15  0:38  SCV  
  16  0:44  Barracks  
  16  0:51  SCV  
  16  0:56  Refinery  
  17  1:03  SCV  
  18  1:15  SCV  
  19  1:31  Orbital Command  
  19  1:32  Factory  
  19  1:35  Reaper  
  20  1:44  Supply Depot  
  20  1:56  SCV  
  21  2:07  Reaper  
  22  2:08  SCV  
  25  2:16  Hellion  
  25  2:21  SCV  
  26  2:27  Command Center  
  26  2:33  SCV  
  29  2:37  Hellion  
  29  2:39  Reaper  
  29  2:43  Supply Depot  
  30  2:47  SCV  
  31  2:54  Starport  
  31  3:04  Hellion, SCV  
  34  3:11  Barracks Reactor  
  34  3:17  SCV  
  35  3:22  Refinery  
  35  3:26  Factory Tech Lab  
  35  3:29  SCV  
  36  3:41  Orbital Command  
  34  3:43  SCV  
  34  3:47  Starport Tech Lab  
  34  3:48  Cyclone, Marine x2  
  38  3:55  SCV  
  39  4:06  Marine x2  
  39  4:07  SCV  
  39  4:08  SCV  
  39  4:09  Raven  
  45  4:12  Supply Depot  
  45  4:19  SCV  
  45  4:20  Cyclone, SCV  
  45  4:24  Marine x2  
  52  4:31  SCV  
  52  4:32  SCV  
  52  4:35  Supply Depot  
  54  4:43  SCV  
  54  4:44  SCV  
  56  4:53  Raven, Siege Tank  
  56  4:55  SCV  
  56  4:57  SCV  
  63  5:00  Supply Depot  
  63  5:04  Command Center  
  63  5:11  SCV x2  
  65  5:14  Refinery  
  65  5:17  Marine x2  
  67  5:23  SCV x2  
  67  5:25  Siege Tank  
  72  5:30  Supply Depot  
  72  5:35  SCV x2  
  74  5:36  Raven  
  73  5:44  Marine x2  
  73  5:47  SCV x2  
  70  5:58  Siege Tank  
  70  5:59  SCV x2  
  70  6:02  Marine x2  
  76  6:05  Barracks  
  76  6:08  Barracks  
  76  6:11  SCV x2  
  76  6:13  Engineering Bay  
  76  6:14  Engineering Bay  
  76  6:16  Orbital Command  
  78  6:23  SCV x2  
  80  6:29  Marine  
  80  6:30  Siege Tank  
  80  6:31  Viking x2  
  88  6:35  SCV  
  88  6:36  SCV  
  76  6:47  Marine  
  76  6:48  SCV x2  
  76  6:52  SCV  
  72  6:55  Barracks Reactor x2  
Tags
 
Add a new tag
Caveats
  • Supply blocks, unpowered buildings, or Contaminate may cause inaccurate times.
  • Supply counts are checked every 10 seconds.